 Dungeon Crawl Stone Soup version 0.28.0-47-ge53b351184 (webtiles) character file.

Game seed: 8361780224040017201

424 Kangaroobicon the Chopper (level 6, -7/51 HPs)
             Began as a Palentonga Fighter on Apr 25, 2022.
             Was a Believer of Zin.
             Mangled by a killer bee (8 damage)
             ... on level 4 of the Dungeon.
             The game lasted 00:25:04 (2743 turns).

Kangaroobicon the Chopper (Palentonga Fighter)      Turns: 2743, Time: 00:25:08

Health: -7/51      AC:  6    Str: 20    XL:     6   Next: 64%
Magic:  4/6        EV:  8    Int: 10    God:    Zin [**....]
Gold:   55         SH:  0    Dex: 12    Spells: 5/5 levels left

rFire   . . .      SeeInvis +   a - +0 war axe (elec)
rCold   . . .      Faith    .   n - orb {light}
rNeg    . . .      Spirit   .   b - +0 scale mail
rPois   ∞          Reflect  .   (no helmet)
rElec   .          Harm     .   (no cloak)
rCorr   .          Rampage  .   (no gloves)
Will    .....                   (no barding)
Stlth   ..........              (no amulet)
HPRegen 0.17/turn               (no ring)
MPRegen 0.10/turn               (no ring)

@: mighty, lethally poisoned (-7 -> -7), vitalised, glowing
A: large, rugged brown scales 3, see invisible, deformed body, roll 1, armoured
tail
a: Rolling Charge, Renounce Religion, Recite, Vitalisation, Donate Gold


You were on level 4 of the Dungeon.
You worshipped Zin.
Zin was pleased with you.
You visited 1 branch of the dungeon, and saw 4 of its levels.

You collected 114 gold pieces.
You spent 26 gold pieces at shops.
You donated 33 gold pieces to Zin.

Inventory:

Hand Weapons
 a - a +0 war axe of electrocution (weapon)
 d - a +0 vorpal hand axe
 h - a +1 hunting sling of freezing
Missiles
 l - 10 poisoned darts (quivered)
Armour
 b - a +0 scale mail (worn)
 c - a +0 buckler
 n - an orb of light (worn)
Jewellery
 k - a ring of magical power
Scrolls
 e - a scroll of brand weapon
 i - a scroll of holy word {unknown}
 o - a scroll of teleportation {unknown}
 q - 3 scrolls of identify
 s - a scroll of enchant armour {unknown}
Potions
 f - a potion of attraction {unknown}
 g - a potion of mutation {unknown}
 j - a potion of curing {unknown}
 m - a potion of berserk rage {unknown}
 p - a potion of invisibility {unknown}
 r - a potion of degeneration {unknown}


   Skills:
 + Level 3.9 Fighting
 + Level 5.3 Axes
 + Level 3.4 Armour
 + Level 1.1 Dodging
 + Level 2.8 Shields
 + Level 0.1 Invocations


You had 5 spell levels left.
You didn't know any spells.
Your spell library was empty.

Dungeon Overview and Level Annotations

Branches:
Dungeon (4/15)
 Temple: D:4-7

Altars:
Hepliaklqana
Vehumet
Zin

Shops:
D:2 *


Innate Abilities, Weirdness & Mutations

You are completely covered in rugged brown scales. (AC +3, +7% HP)
You have supernaturally acute eyesight. (SInv)
Armour fits poorly on your strangely shaped body.
You can roll at nearby foes to attack.
You have a long armoured tail.


Message History

The killer bee closely misses you.
The killer bee moves out of view.
You closely miss the killer bee.
You tail-slap the killer bee, but do no damage.
The killer bee is almost dead.
You barely miss the killer bee.
You feel very sick. The killer bee stings you.
* * * LOW HITPOINT WARNING * * *
You are lethally poisoned!
The killer bee poisons you!
The killer bee stings you but does no damage. x2
The killer bee completely misses you. The killer bee stings you.
* * * LOW HITPOINT WARNING * * *
The killer bee barely misses you. Zin grants you divine stamina.
The killer bee stings you but does no damage.
The killer bee barely misses you.
The killer bee stings you but does no damage. x2
You miss the killer bee.
The killer bee is almost dead.
You slash the killer bee! The killer bee stings you!
* * * LOW HITPOINT WARNING * * *
Your divine stamina protects you from poison!
The killer bee barely misses you. The killer bee stings you.
* * * LOW HITPOINT WARNING * * *
The killer bee stings you but does no damage.
You slash the killer bee!
You kill the killer bee!
You slash the killer bee!
Lightning courses through the killer bee!
You kill the killer bee!
The killer bee barely misses you.
The killer bee stings you but does no damage. x2
You barely miss the killer bee. You slash the killer bee!
The killer bee stings you. Zin protects you from harm!
Your divine stamina protects you from poison!
The killer bee stings you but does no damage.
The killer bee stings you!
You die...

........#.....
........##....
....^..##....
###......##.###
.............. ##
####$.....##.### ..
#.....###.##.###
..###y###.)).$...)##....
.....yy@.).......)...###
......y###.......†....#
....... #..............
#...... #..............
....... #..............
....... ................
.....$. ..........!...#.
....... .............#.
...#........#.


You could see 4 killer bees.

Vanquished Creatures
  An ogre (D:4)
  2 killer bees (D:4)
  A hound (D:3)
  2 orc priests
  An iguana (D:4)
  A hound skeleton (D:4)
  4 adders
  An adder skeleton (D:4)
  A dart slug (D:2)
  12 orcs
  11 endoplasms
  6 giant cockroaches
  3 goblins
  5 hobgoblins
  6 jackals
  2 kobolds (D:3)
  3 ball pythons
  3 bats
  A frilled lizard (D:1)
  11 rats
77 creatures vanquished.

Notes
Turn   | Place    | Note
-------+----------+-------------------------------------------
     0 | D:1      | Kangaroobicon the Palentonga Fighter began the quest for
                  | the Orb.
     0 | D:1      | Reached XP level 1. HP: 19/19 MP: 1/1
     1 | D:1      | Found a runed translucent door.
    19 | D:1      | Reached XP level 2. HP: 21/25 MP: 2/2
  1034 | D:2      | Reached XP level 3. HP: 30/31 MP: 3/3
  1129 | D:2      | Found Wearuwk's General Store.
  1358 | D:2      | Found a faded altar of an unknown god.
  1378 | D:2      | Prayed at the altar of an unknown god.
  1378 | D:2      | Became a worshipper of Zin the Law-Giver
  1378 | D:2      | Reached * piety under Zin
  1455 | D:2      | Bought a scroll of identify for 26 gold pieces
  1531 | D:3      | Found a hazy altar of Hepliaklqana.
  1631 | D:3      | Found a radiant altar of Vehumet.
  1640 | D:3      | Reached skill level 3 in Axes
  1756 | D:3      | Reached XP level 4. HP: 37/37 MP: 4/4
  2055 | D:3      | Reached XP level 5. HP: 12/43 MP: 5/5
  2457 | D:4      | Reached ** piety under Zin
  2458 | D:4      | Donated 22 gold pieces to Zin
  2492 | D:4      | Reached skill level 4 in Axes
  2727 | D:4      | Noticed an ogre
  2728 | D:4      | Reached skill level 1 in Dodging
  2731 | D:4      | Killed an ogre
  2732 | D:4      | Reached skill level 5 in Axes
  2732 | D:4      | Reached XP level 6. HP: 40/51 MP: 6/6
  2741 | D:4      | HP: 1/51 [killer bee (2)]
  2743 | D:4      | Zin protects you from harm!
  2743 | D:4      | Mangled by a killer bee

Illustrated notes

Levels and vault maps discovered:
D:1:      dpeg_arrival_caged_fury, layout_basic
D:2:      cheibrodos_old_hovel, layout_basic,
          hellmonk_ecumenical_altar_pennies_from_heaven, serial_shops, shop,
          minmay_misc_feat_square, supply_closet_lemuel
D:3:      layout_loops_ring, nicolae_overflow_crystal_walls,
          mainiacjoe_overflow_paths
D:4:      layout_basic

Skill      XL: |  1  2  3  4  5 |
---------------+----------------+-----
Axes           | 3 5 |  5.3
Armour         | 3 |  3.4
Dodging        | 1 |  1.1
Fighting       | |  3.9
Shields        | |  2.8
Invocations    | |  0.1

Action                   |  1- 3 |  4- 6 || total
-------------------------+-------+-------++-------
Melee: War axe           |    97 |    51 ||   148
       Tailslap          |     5 |     4 ||     9
Invok: Donate Gold       |       |     1 ||     1
       Vitalisation      |       |     1 ||     1
  Use: Scroll            |     3 |       ||     3
       Potion            |       |     1 ||     1
Armor: Scale mail        |    52 |    28 ||    80
Dodge: Dodged            |    30 |    20 ||    50
Block: Buckler           |    17 |       ||    17
